 Dungeon Crawl Stone Soup version 0.28.0-62-gf88900778d (webtiles) character file.

Game seed: 8959557822995233158

22402 cbfl8 the Cleaver (level 12, -4/154 HPs)
             Began as a Minotaur Berserker on July 3, 2023.
             Was a High Priest of Trog.
             Slain by a 12-headed hydra (11 damage)
             ... on level 13 of the Dungeon.
             The game lasted 00:12:49 (12511 turns).

cbfl8 the Cleaver (Minotaur Berserker)             Turns: 12511, Time: 00:12:50

Health: -4/154     AC: 14    Str: 22    XL:     12   Next: 62%
Magic:  11/11      EV:  9    Int:  4    God:    Trog [*****.]
Gold:   471        SH: 18    Dex: 15    Spells: 11/11 levels left

rFire   + . .      SeeInvis .   C - +2 war axe (venom)
rCold   . . .      Faith    .   q - +2 tower shield
rNeg    . . .      Spirit   .   F - +0 chain mail {rPois}
rPois   +          Reflect  .   (helmet restricted)
rElec   .          Harm     .   (no cloak)
rCorr   .          Rampage  .   i - +0 pair of gloves
Will    .....                   l - +0 pair of boots
Stlth   ..........              n - amulet of regeneration
HPRegen 1.15/turn               I - ring of poison resistance
MPRegen 0.12/turn               t - ring of protection from fire

@: berserking, very quick
A: horns 2, retaliatory headbutt
a: Renounce Religion, Berserk, Trog's Hand, Brothers in Arms


You were on level 13 of the Dungeon.
You worshipped Trog.
Trog was extremely pleased with you.
You visited 1 branch of the dungeon, and saw 13 of its levels.
You also visited: Sewer.

You collected 576 gold pieces.
You spent 105 gold pieces at shops.

Inventory:

Hand Weapons
 b - a +1 broad axe
 C - a +2 war axe of venom (weapon)
Armour
 i - a +0 pair of gloves (worn)
 l - a +0 pair of boots (worn)
 q - a +2 tower shield (worn)
 F - a +0 chain mail of poison resistance (worn)
Jewellery
 n - an amulet of regeneration (around neck)
 t - a ring of protection from fire (right hand)
 I - a ring of poison resistance (left hand)
 L - a ring of see invisible
Wands
 g - a wand of iceblast (8)
 u - a wand of flame (42)
 v - a wand of mindburst (17) (quivered)
 D - a wand of polymorph (5)
 G - a wand of acid (1)
Scrolls
 a - a scroll of summoning
 d - 2 scrolls of magic mapping {unknown}
 f - 2 scrolls of noise
 h - a scroll of identify
 k - 9 scrolls of teleportation
 p - 2 scrolls of amnesia {unknown}
 w - a scroll of fog {unknown}
 y - 2 scrolls of blinking {unknown}
 B - a scroll of enchant armour {unknown}
Potions
 c - 6 potions of mutation {unknown}
 e - 6 potions of curing {unknown}
 j - a potion of ambrosia {unknown}
 m - 6 potions of heal wounds {unknown}
 o - 3 potions of berserk rage {unknown}
 r - 3 potions of degeneration {unknown}
 s - 2 potions of lignification {unknown}
 x - a potion of haste {unknown}
 z - 4 potions of invisibility {unknown}
 A - a potion of attraction {unknown}
 J - a potion of might {unknown}
Miscellaneous
 E - a piece from Xom's chessboard (15/15)
 H - a condenser vane


   Skills:
 + Level 8.4 Fighting
 * Level 14.7 Axes
 + Level 9.2 Armour
 * Level 8.4 Dodging
 * Level 6.6 Stealth
 + Level 8.6 Shields
 * Level 7.0 Evocations


You had 11 spell levels left.
You didn't know any spells.
Your spell library was empty.

Dungeon Overview and Level Annotations

Branches:
Dungeon (13/15)            Temple (0/1) D:5            Lair (0/6) D:10
    Orc (0/2) D:10          Sewer (visited)
 Vaults: D:13-14

Altars:
Cheibriados
Beogh

Shops:
D:3 =   D:7 :[   D:9 (

Annotations:
D:3 3 runed translucent doors, cbfl8's ghost, amateur MiFi
D:12 3 runed translucent doors, cbfl8's ghost, journeyman MiFi


Innate Abilities, Weirdness & Mutations

You have a pair of horns on your head.
You reflexively headbutt those who attack you in melee.


Message History

The cyan ugly thing looks as sick as possible!
You block the cyan ugly thing's attack. The nine-headed hydra bites you.
* * * LOW HITPOINT WARNING * * *
The nine-headed hydra bites you but does no damage.
You block the nine-headed hydra's attack. x2
The nine-headed hydra bites you but does no damage.
The nine-headed hydra barely misses you.
The nine-headed hydra bites you but does no damage.
You block the nine-headed hydra's attack.
The nine-headed hydra bites you but does no damage.
You slash the cyan ugly thing!
You feel the power of Trog in you as your rage grows.
You kill the cyan ugly thing!
Trog accepts your kill.
You hack one of the nine-headed hydra's heads off!
The eight-headed hydra grows two more!
You slice the ten-headed hydra!!
The ten-headed hydra bites you but does no damage.
The ten-headed hydra barely misses you.
The ten-headed hydra bites you but does no damage. x2
You block the ten-headed hydra's attack.
The ten-headed hydra barely misses you.
The ten-headed hydra bites you but does no damage. x2
You block the ten-headed hydra's attack. x2
You hack one of the ten-headed hydra's heads off!
The nine-headed hydra grows two more!
You hit the 11-headed hydra.
The 11-headed hydra is moderately wounded.
Unknown command.
You slice one of the 11-headed hydra's heads off!
The ten-headed hydra grows two more!
You slash the 12-headed hydra!
The 12-headed hydra looks as sick as possible!
The 12-headed hydra is moderately wounded.
You block the 12-headed hydra's attack. The 12-headed hydra bites you.
* * * LOW HITPOINT WARNING * * *
The 12-headed hydra bites you!
* * * LOW HITPOINT WARNING * * *
The 12-headed hydra bites you!
* * * LOW HITPOINT WARNING * * *
The 12-headed hydra bites you but does no damage.
You block the 12-headed hydra's attack. The 12-headed hydra bites you!
You die...

#.# #.# #.# #.#
#.# #.#######
#.##....# #
###.##....##.##
#.........@D..#
######....#......#
######......+
......# ......#
#.....# .##### .#


You could see a 12-headed hydra (extremely poisoned).

Vanquished Creatures
  An ettin (D:11)
  2 hydras
  Erica (D:9)
  4 two-headed ogres
  A dancing weapon (D:11)
  2 centaur warriors
  3 slime creatures (D:12)
  3 tengu warriors
  2 ugly things
  An orc knight (D:11)
  An orc sorcerer (D:11)
  2 cyclopes
  An unseen horror (D:12)
  2 tengu conjurers (D:13)
  2 trolls
  A hornet (D:9)
  A vampire (D:12)
  3 shadows
  19 yaks
  6 humans
  2 wyverns
  A warg (D:10)
  2 hornet zombies
  2 ice beasts
  2 necrophages
  2 orc warriors
  4 ogres
  2 phantoms
  7 centaurs
  4 kobold brigands
  A wyvern zombie (D:8)
  2 bullfrogs
  A gnoll sergeant (D:8)
  2 scorpions
  9 killer bees
  5 wights (D:8)
  A howler monkey (D:4)
  A centaur skeleton (D:4)
  4 centaur zombies
  2 jellies
  A gnoll shaman (D:8)
  3 hounds
  2 bullfrog skeletons
  6 orc priests
  2 iguanas
  Ijyb (D:4)
  17 orc wizards
  A hound skeleton (D:5)
  A howler monkey zombie (D:10)
  10 gnolls
  2 river rats (Sewer)
  9 adders
  A white imp (D:6)
  4 worms
  2 dart slugs
  43 orcs
  10 ball pythons
  12 endoplasms
  3 giant cockroaches
  10 goblins
  8 hobgoblins
  4 jackals
  4 quokkas
  5 bats
  5 frilled lizards
  20 kobolds
  11 rats
311 creatures vanquished.

Vanquished Creatures (others)
  12 plants
12 creatures vanquished.

Grand Total: 323 creatures vanquished

Notes
Turn   | Place    | Note
-------+----------+-------------------------------------------
     0 | D:1      | cbfl8 the Minotaur Berserker began the quest for the Orb.
     0 | D:1      | Reached XP level 1. HP: 19/19 MP: 0/0
   224 | D:1      | Reached XP level 2. HP: 27/27 MP: 1/1
   754 | D:1      | Reached skill level 4 in Axes
   988 | D:1      | Reached XP level 3. HP: 33/33 MP: 2/2
  1120 | D:1      | Reached skill level 1 in Evocations
  1386 | D:2      | Reached ** piety under Trog
  2504 | D:2      | Reached XP level 4. HP: 40/40 MP: 3/3
  2738 | D:3      | Found a faded altar of an unknown god.
  2959 | D:3      | Found a runed translucent gate.
  2960 | D:3      | Found a runed translucent gate.
  2961 | D:3      | Found a runed translucent gate.
  2962 | D:3      | Identified the +2 leather armour of Death's Door {Rampage
                  | rPois Str-5 Dex+2}
  2962 | D:3      | Noticed cbfl8's ghost (amateur MiFi)
  2980 | D:3      | Found Iqien's Jewellery Shoppe.
  3444 | D:4      | Noticed a phantom
  3459 | D:4      | Killed a phantom
  3460 | D:4      | Reached skill level 5 in Axes
  3460 | D:4      | Reached XP level 5. HP: 47/47 MP: 4/4
  3652 | D:4      | Noticed Ijyb
  3654 | D:4      | Noticed an ogre
  3660 | D:4      | Killed an ogre
  3661 | D:4      | Reached skill level 6 in Axes
  3661 | D:4      | Reached XP level 6. HP: 53/53 MP: 5/5
  3663 | D:4      | Killed Ijyb
  3963 | D:4      | Reached XP level 7. HP: 54/60 MP: 6/6
  4448 | D:5      | Entered Level 5 of the Dungeon
  4481 | D:5      | Reached skill level 7 in Axes
  4481 | D:5      | Reached skill level 1 in Stealth
  4496 | D:4      | Reached *** piety under Trog
  4497 | D:4      | Reached skill level 5 in Fighting
  4720 | D:5      | Reached skill level 1 in Shields
  4767 | D:5      | Reached XP level 8. HP: 68/68 MP: 7/7
  4810 | D:5      | Reached skill level 8 in Axes
  5044 | D:5      | Found a staircase to the Ecumenical Temple.
  5369 | D:6      | Reached skill level 5 in Armour
  5447 | D:6      | Found a snail-covered altar of Cheibriados.
  5595 | D:6      | Found a glowing drain.
  5620 | Sewer    | Entered a sewer
  5646 | Sewer    | Reached skill level 9 in Axes
  5681 | Sewer    | Reached **** piety under Trog
  6771 | D:7      | Reached XP level 9. HP: 64/75 MP: 8/8
  6826 | D:7      | Found Zelal's Book Emporium.
  6991 | D:7      | Found Nuopt's Antique Armour Shop.
  7291 | D:8      | Reached skill level 5 in Dodging
  7368 | D:8      | Reached skill level 10 in Axes
  7599 | D:8      | Reached XP level 10. HP: 84/84 MP: 9/9
  7664 | D:8      | Reached ***** piety under Trog
  7665 | D:8      | Reached skill level 11 in Axes
  7769 | D:8      | Reached skill level 5 in Shields
  8103 | D:9      | Reached skill level 5 in Evocations
  8200 | D:9      | Noticed Erica
  8219 | D:9      | Killed Erica
  8332 | D:9      | Found Petatica's Weapon Emporium.
  8385 | D:9      | Bought a +0 war axe of venom for 105 gold pieces
  8408 | D:9      | Reached skill level 12 in Axes
  8611 | D:10     | Entered Level 10 of the Dungeon
  8758 | D:10     | Found a staircase to the Orcish Mines.
  8889 | D:10     | Found a staircase to the Lair.
  8919 | D:10     | Reached XP level 11. HP: 23/92 MP: 10/10
  9274 | D:10     | Noticed a two-headed ogre
  9283 | D:10     | Killed a two-headed ogre
  9284 | D:10     | Reached skill level 5 in Stealth
  9404 | D:11     | Noticed a two-headed ogre
  9413 | D:11     | Killed a two-headed ogre
  9419 | D:11     | Reached skill level 13 in Axes
  9724 | D:11     | Noticed a white ugly thing
  9732 | D:11     | Killed a white ugly thing
  9755 | D:11     | Noticed a two-headed ogre
  9764 | D:11     | Killed a two-headed ogre
 10058 | D:11     | Found a runed translucent door.
 10058 | D:11     | Noticed a tengu warrior
 10059 | D:11     | Noticed an orc sorcerer
 10068 | D:11     | Killed a tengu warrior
 10091 | D:11     | Killed an orc sorcerer
 10227 | D:11     | Noticed an orc knight
 10239 | D:11     | Killed an orc knight
 10287 | D:11     | Noticed a centaur warrior
 10296 | D:11     | Killed a centaur warrior
 10298 | D:11     | Noticed an ettin
 10298 | D:11     | Noticed a +3 mace of protection
 10306 | D:11     | Killed a +3 mace of protection
 10311 | D:11     | Killed an ettin
 10611 | D:11     | Reached skill level 14 in Axes
 10918 | D:12     | Noticed a two-headed ogre
 10926 | D:12     | Killed a two-headed ogre
 10927 | D:12     | Reached XP level 12. HP: 54/101 MP: 11/11
 11000 | D:12     | Noticed a two-headed ogre
 11003 | D:12     | Found a runed translucent gate.
 11003 | D:12     | Found a runed translucent gate.
 11003 | D:12     | Found a runed translucent gate.
 11011 | D:12     | Noticed cbfl8's ghost (journeyman MiFi)
 11200 | D:12     | Received a gift from Trog
 11347 | D:12     | Noticed a five-headed hydra
 11356 | D:12     | Killed a seven-headed hydra
 11631 | D:12     | Noticed a minotaur
 11997 | D:13     | Noticed a centaur warrior
 12008 | D:13     | Killed a centaur warrior
 12091 | D:13     | Noticed an eight-headed hydra
 12100 | D:13     | Killed a 13-headed hydra
 12277 | D:13     | Noticed a tengu warrior
 12290 | D:13     | Killed a tengu warrior
 12407 | D:13     | Noticed a tengu warrior
 12422 | D:13     | Killed a tengu warrior
 12497 | D:13     | Noticed a five-headed hydra
 12511 | D:13     | HP: 7/154 [12-headed hydra (8)]
 12511 | D:13     | Slain by a 12-headed hydra

Illustrated notes

Levels and vault maps discovered:
D:1:      dpeg_arrival_rhombus, layout_basic
D:2:      wad_lake_hut, layout_loops_ring, minmay_misc_feat_room
D:3:      layout_basic, biasface_ghost_orc_armoury, serial_shops,
          nicolae_shop_crystal, hellmonk_ecumenical_altar_run_dry
D:4:      layout_gridville, uniq_ijyb
D:5:      layout_cave_pools, minmay_bent
D:6:      layout_loops_ring, kennysheep_slug_shrine,
          cheibrodos_sewer_entry_drain
D:7:      layout_loops_cross, serial_shops, shop, nicolae_stop_n_shop_1
D:8:      layout_loops_ring, minmay_ruffians
D:9:      layout_basic, serial_shops, nicolae_diamond_shop, uniq_erica
D:10:     layout_roguey, lair_entry_dummy, erik_orc_4
D:11:     layout_basic, minivault_13
D:12:     layout_loops_ring, maelrawn_ghost_gauntlet_escape, serial_glass,
          glass_columns_a, glass_columns_c
D:13:     layout_basic, david_vaults_1, uniq_urug

Skill      XL: |  1  2  3  4  5  6  7  8  9 10 11 12 |
---------------+-------------------------------------+-----
Axes           | 4 5 6 7 9 10 12 14 | 14.7
Evocations     | 1 2 3 4 5 6 7 |  7.0
Fighting       | 4 5 6 7 8 |  8.4
Dodging        | 3 4 5 6 7 8 |  8.4
Armour         | 3 4 5 6 8 9 |  9.2
Stealth        | 1 2 4 6 |  6.6
Shields        | 1 3 4 6 7 8 |  8.6

Action                   |  1- 3 |  4- 6 |  7- 9 | 10-12 || total
-------------------------+-------+-------+-------+-------++-------
Melee: Hand axe          |   104 |   106 |   313 |       ||   523
       Headbutt          |    15 |    12 |    75 |    88 ||   190
       Punch             |     1 |       |       |       ||     1
       War axe           |       |       |   111 |   422 ||   533
Invok: Berserk           |     1 |     3 |     6 |    16 ||    26
Evoke: Wand              |       |       |       |     6 ||     6
  Use: Scroll            |       |     3 |     1 |     4 ||     8
 Stab: Sleeping          |     1 |       |       |       ||     1
Armor: Animal skin       |    12 |       |       |       ||    12
       Chain mail        |       |    65 |   181 |   217 ||   463
Dodge: Dodged            |    52 |    33 |    87 |   113 ||   285
Block: Tower shield      |       |       |   309 |   416 ||   725
